 Dungeon Crawl Stone Soup version 0.27-a0-1051-g288ea87c7c (webtiles) character file.

Game seed: 7491344194482220155

40 siradein the Slasher (level 3, 0/27 HPs)
             Began as a Demonspawn Gladiator on Apr 21, 2021.
             Killed from afar by a hobgoblin (9 damage)
             ... with a puff of flame
             ... on level 2 of the Dungeon.
             The game lasted 00:04:03 (1210 turns).

siradein the Slasher (Demonspawn Gladiator)         Turns: 1210, Time: 00:04:04

Health: 0/27       AC:  4    Str: 15    XL:     3   Next: 30%
Magic:  3/3        EV: 16    Int:  9    God:
Gold:   30         SH:  3    Dex: 14    Spells: 2/2 levels left

rFire    . . .     SeeInvis .   a - +0 long sword
rCold    . . .     Faith    .   e - +0 buckler
rNeg     . . .     Spirit   .   b - +0 leather armour
rPois    .         Reflect  .   c - +0 helmet
rElec    .         Harm     .   (no cloak)
rCorr    .         Rampage  .   (no gloves)
Will     .....                  (no boots)
Stlth    +.........             g - amulet of regeneration
HPRegen  1.09/turn              (no ring)
MPRegen  0.08/turn              (no ring)

@: agile
A: powered by pain 1, demonic magic 1
a: no special abilities


You were on level 2 of the Dungeon.
You visited 1 branch of the dungeon, and saw 2 of its levels.

You collected 30 gold pieces.

Inventory:

Hand Weapons
 a - a +0 long sword (weapon)
Missiles
 d - 3 throwing nets (quivered)
 f - 4 boomerangs
 j - 12 poisoned darts
Armour
 b - a +0 leather armour (worn)
 c - a +0 helmet (worn)
 e - a +0 buckler (worn)
Jewellery
 g - an amulet of regeneration (around neck)
Scrolls
 h - 3 scrolls of identify {unknown}
 i - a scroll of noise {unknown}


   Skills:
 - Level 2.0 Fighting
 + Level 4.0 Long Blades
 - Level 1.7 Throwing
 - Level 2.6 Dodging


You had 2 spell levels left.
You didn't know any spells.
Your spell library was empty.

Dungeon Overview and Level Annotations

Branches:
Dungeon (2/15)

Altars:


Innate Abilities, Weirdness & Mutations

You sometimes gain a little power by taking damage.
Spells you cast may paralyse adjacent enemies.


Message History

You kill the goblin!
Things that are here:
a +0 club; a goblin corpse You now have 30 gold pieces (gained 2).
i - a scroll labelled NEIRIT GOCRISE
Found 12 poisoned darts.
Found a stone staircase leading up.
You see here 12 poisoned darts.
j - 12 poisoned darts
There is a stone staircase leading up here.
A hobgoblin comes into view. It is carrying a wand of flame (7).
A hobgoblin is nearby!
A hobgoblin is nearby!
A quokka comes into view.
The quokka closely misses you.
The hobgoblin zaps a wand.
The puff of flame misses you.
You see here 6 gold pieces.
You hit the quokka but do no damage. You block the quokka's attack. x2
The hobgoblin zaps a wand.
The puff of flame misses you.
You slash the quokka!
You kill the quokka!
The hobgoblin zaps a wand.
The puff of flame hits you!
Ouch! That really hurt!
You focus on the pain.
You feel agile all of a sudden.
You hit the hobgoblin.
The hobgoblin is heavily wounded.
The hobgoblin zaps a wand.
The puff of flame misses you.
You hit the hobgoblin.
The hobgoblin is almost dead.
The hobgoblin closely misses you.
The hobgoblin zaps a wand.
The puff of flame hits you!
* * * LOW HITPOINT WARNING * * *
Your leather armour prevents you from hitting the hobgoblin.
The hobgoblin is almost dead.
The hobgoblin misses you.
You hit the hobgoblin but do no damage.
The hobgoblin is almost dead.
The hobgoblin zaps a wand.
The puff of flame hits you!
You die...

.. . ... ##. .#.
... .. #.# .#
#.##.# #.#..#
#.#g###.#
#.@$....# ##
###.####... ...
#.#
###.###.####.#
#............#
#######
#.#.##<#######
#.....###.#.##.#
#.###.......##.#
#)# #.###.#.##.#


You could see a hobgoblin.

Vanquished Creatures
  A worm (D:2)
  A dart slug (D:1)
  A ball python (D:1)
  3 bats (D:1)
  3 endoplasms (D:1)
  A giant cockroach (D:1)
  4 goblins
  5 hobgoblins (D:1)
  4 kobolds (D:1)
  2 quokkas
  A frilled lizard (D:2)
  5 rats (D:1)
31 creatures vanquished.

Vanquished Creatures (others)
  A demonic plant (D:1)
  A fungus (D:1)
  A plant (D:1)
  A withered plant (D:1)
4 creatures vanquished.

Grand Total: 35 creatures vanquished

Notes
Turn   | Place    | Note
-------+----------+-------------------------------------------
     0 | D:1      | siradein the Demonspawn Gladiator began the quest for the
                  | Orb.
     0 | D:1      | Reached XP level 1. HP: 16/16 MP: 1/1
   172 | D:1      | Reached skill level 3 in Long Blades
   409 | D:1      | Gained mutation: You sometimes gain a little power by
                  | taking damage. [demonic ancestry]
   409 | D:1      | Reached XP level 2. HP: 14/22 MP: 2/2
   690 | D:1      | Found a faded altar of an unknown god.
   845 | D:1      | Gained mutation: Spells you cast may paralyse adjacent
                  | enemies. [demonic ancestry]
   845 | D:1      | Reached XP level 3. HP: 27/27 MP: 3/3
  1101 | D:2      | Reached skill level 4 in Long Blades
  1210 | D:2      | Killed from afar by a hobgoblin

Illustrated notes

Levels and vault maps discovered:
D:1:      dpeg_arrival_orchard, layout_basic, shapermc_ecumenical_altar_gd,
          minmay_stone_trees_medium
D:2:      layout_loops_cross, minivault_19

Skill      XL: |  1  2  3 |
---------------+----------+-----
Long Blades    | 3 4 |  4.0
Fighting       | |  2.0
Throwing       | |  1.7
Dodging        | |  2.6

Action                   || total
-------------------------++-------
Melee: Long sword        ||    88
 Stab: Sleeping          ||     1
Armor: Leather armour    ||    31
Dodge: Dodged            ||    44
Block: Buckler           ||     7
       Rpst.: Long sword ||     9

Table legend: (Time is in decaauts)
 A = Elapsed time spent in this place.
 B = Non-inter-level travel time spent in this place.
 C = Inter-level travel time spent in this place.
 D = Time resting spent in this place.
 E = Time spent auto-exploring this place.
 F = Levels seen in this place.
 G = Mean time per level.
                   A        B        C        D        E       F      G
               +--------+--------+--------+--------+--------+-----+--------+
         Total |   1236 |   1228 |      8 |      2 |    959 |   2 |  618.0 |
       Dungeon |   1236 |   1228 |      8 |      2 |    959 |   2 |  618.0 |
               +--------+--------+--------+--------+--------+-----+--------+

Top non-repeatable levels by time:
     D:1: 1111 daAuts
     D:2: 125 daAuts
